 Dungeon Crawl Stone Soup version 0.29.1-1-gd02db6906a (webtiles) character file.

Game seed: 10913351221152774966

862 H0rd4k the Insei (level 8, 0/50 HPs)
             Began as an Octopode Transmuter on Oct 17, 2022.
             Slain by an iron imp (10 damage)
             ... summoned by Eustachio
             ... on level 5 of the Dungeon.
             The game lasted 00:04:07 (5015 turns).

H0rd4k the Insei (Octopode Transmuter)              Turns: 5015, Time: 00:04:08

Health: 0/50       AC:  1    Str:  9    XL:     8   Next: 2%
Magic:  12/12      EV: 13    Int: 17    God:
Gold:   217        SH:  0    Dex: 13    Spells: 12/13 levels left

rFire   . . .      SeeInvis .     - Unarmed
rCold   + . .      Faith    .   (no shield)
rNeg    . . .      Spirit   .   (helmet restricted)
rPois   .          Reflect  .   (no amulet)
rElec   .          Harm     .   j - ring of protection from cold
rCorr   .          Rampage  .   (no ring)
Will    .....                   (no ring)
Stlth   ++++......              (no ring)
HPRegen 0.16/turn               (no ring)
MPRegen 0.13/turn               (no ring)
                                (no ring)
                                (no ring)

@: attractive
A: almost no armour, amphibious, 8 rings, camouflage 1, gelatinous body 1,
(nimble swimmer 1), tentacles
a: no special abilities


You were on level 5 of the Dungeon.
You visited 1 branch of the dungeon, and saw 5 of its levels.

You collected 217 gold pieces.

Inventory:

Missiles
 g - 2 poisoned darts (quivered)
 k - a curare-tipped dart
Jewellery
 j - a ring of protection from cold (left tentacle)
Scrolls
 b - a scroll of torment {unknown}
 d - 2 scrolls of vulnerability {unknown}
 e - 4 scrolls of identify
 h - 2 scrolls of magic mapping {unknown}
 l - a scroll of brand weapon {unknown}
 m - 2 scrolls of butterflies
 n - 2 scrolls of amnesia {unknown}
 o - a scroll of teleportation {unknown}
 q - a scroll of immolation {unknown}
 s - a scroll of noise {unknown}
 u - a scroll of enchant armour {unknown}
Potions
 a - a potion of lignification
 c - a potion of mutation {unknown}
 f - a potion of attraction
 i - a potion of heal wounds {unknown}
 p - a potion of curing
 r - a potion of haste {unknown}
 t - a potion of cancellation {unknown}


   Skills:
 + Level 1.8 Fighting
 + Level 2.3 Throwing
 + Level 2.9 Dodging
 + Level 5.3 Stealth
 + Level 6.4 Unarmed Combat
 + Level 3.0 Spellcasting
 + Level 3.2 Transmutations


You had 12 spell levels left.
You knew the following spells:

 Your Spells              Type           Power      Damage    Failure   Level
a - Beastly Appendage     Tmut           26%        N/A       4%          1

Your spell library contained the following spells:

 Spells                   Type           Power      Damage    Failure   Level
 Wereblood                Tmut           13%        N/A       7%          2
 Passwall                 Tmut/Erth      6%         N/A       14%         2
 Ensorcelled Hibernation  Hex/Ice        4%         N/A       26%         2
 Spider Form              Tmut/Pois      8%         N/A       26%         3
 Swiftness                Air            2%         N/A       45%         3
 Tukima's Dance           Hex            2%         N/A       45%         3
 Ice Form                 Ice/Tmut       8%         N/A       65%         4
 Passage of Golubria      Tloc           2%         N/A       86%         4
 Yara's Violent Unravell  Hex/Tmut       4%         3d4       94%         5


Dungeon Overview and Level Annotations

Branches:
Dungeon (5/15)
 Temple: D:4-7

Altars:
Makhleb
Uskayaw
Xom

Annotations:
D:3 exclusion: downstairs
D:4 Grinder
D:5 Eustachio


Innate Abilities, Weirdness & Mutations

You cannot wear most types of armour.
You are amphibious.
You can wear up to eight rings at the same time.
Your skin changes colour to match your surroundings (Stealth+).
Your rubbery body absorbs attacks. (AC +1, EV +1)
((You are camouflaged when in or above water. (Stealth+)))
You have tentacles for arms and can constrict up to eight enemies at once.


Message History

The ufetubus attacks as you move away! The ufetubus hits you.
The ufetubus closely misses you. The bat attacks as you move away!
The bat hits you.
* * * LOW HITPOINT WARNING * * *
Your tentacle spike disappears.
You feel sick.
You are no longer poisoned.
The bat closely misses you. The ufetubus hits you.
* * * LOW HITPOINT WARNING * * *
The ufetubus hits you.
* * * LOW HITPOINT WARNING * * *
The ufetubus attacks as you move away! The ufetubus misses you.
The ufetubus closely misses you.
You tentacle-slap the ufetubus. Your grab misses the ufetubus.
Your squeeze misses the ufetubus.
The ufetubus is heavily wounded.
The bat hits you but does no damage. The ufetubus hits you.
* * * LOW HITPOINT WARNING * * *
The ufetubus misses you. The bat completely misses you.
Eustachio gestures wildly while chanting.
It was a potion of attraction.
You feel attractive to monsters. The bat hits you.
* * * LOW HITPOINT WARNING * * *
The ufetubus completely misses you. The ufetubus closely misses you.
The bat barely misses you. The ufetubus misses you.
The ufetubus closely misses you. The iron imp is attracted toward you.
Eustachio is attracted toward you. The river rat is attracted toward you.
It was a potion of curing.
You feel better. The quokka misses you. The ufetubus hits you.
* * * LOW HITPOINT WARNING * * *
The ufetubus completely misses you.
The gnoll sergeant is attracted toward you.
As you read the scroll labelled XAUMINT ATZOIGH, it crumbles to dust.
It is a scroll of identify.
m - 2 scrolls of butterflies The ufetubus barely misses you.
The ufetubus hits you.
* * * LOW HITPOINT WARNING * * *
The quokka completely misses you. The iron imp hits you!
You die...

#........# +.........
#.....######## #.........
#....##......####.........
#.####.........##..>......
###.#...........##........
#.#.....#......#........
#§§§.r.........##†######
#†#.§@5..)......#)#
#.#.gb5@.#......#)#
#.#...r.........#.#
rr##............'.#
@..#......#.....#.#
....##...........#.# g...
##.........##.# #####.....
###......##..# .....
################'##
......#[.........#......#


You could see Eustachio, a gnoll sergeant, an iron imp (summoned), a river rat
(summoned), an ufetubus (summoned), a quokka (summoned) and a bat (summoned).

Vanquished Creatures
  2 black bears (D:5)
  An ogre (D:5)
  A necrophage (D:5)
  3 scorpions
  A crimson imp (D:3)
  A hound (D:5)
  Natasha (thrice) (D:2)
  3 iguanas (D:5)
  2 gnolls (D:5)
  5 adders
  A shadow imp (D:5)
  An ufetubus (D:5)
  7 orcs
  A bat (D:1)
  12 endoplasms
  A giant cockroach (D:2)
  8 goblins
  7 hobgoblins
  4 kobolds
  3 quokkas
  2 ball pythons
  6 rats
75 creatures vanquished.

Notes
Turn   | Place    | Note
-------+----------+-------------------------------------------
     0 | D:1      | H0rd4k the Octopode Transmuter began the quest for the Orb.
     0 | D:1      | Reached XP level 1. HP: 13/13 MP: 3/3
   463 | D:1      | Reached XP level 2. HP: 8/18 MP: 5/5
   933 | D:1      | Found a faded altar of an unknown god.
  1161 | D:2      | Reached skill level 1 in Stealth
  1161 | D:2      | Reached XP level 3. HP: 18/23 MP: 6/6
  1700 | D:2      | Noticed Natasha
  1706 | D:2      | Killed Natasha
  1707 | D:2      | Reached skill level 4 in Unarmed Combat
  1707 | D:2      | Reached XP level 4. HP: 20/28 MP: 5/7
  1905 | D:2      | Noticed Natasha
  1916 | D:2      | Killed Natasha
  1922 | D:2      | Noticed Natasha
  2292 | D:2      | Killed Natasha
  2293 | D:2      | Reached XP level 5. HP: 26/33 MP: 6/8
  2996 | D:3      | Found a burning altar of Makhleb.
  2996 | D:3      | Found a shimmering altar of Xom.
  3639 | D:4      | Reached skill level 5 in Unarmed Combat
  3639 | D:4      | Reached XP level 6. HP: 34/38 MP: 9/9
  3926 | D:4      | Found a hide-covered altar of Uskayaw.
  3942 | D:4      | Noticed Grinder
  3953 | D:5      | Entered Level 5 of the Dungeon
  4080 | D:5      | Reached skill level 1 in Throwing
  4133 | D:5      | Reached XP level 7. HP: 35/43 MP: 8/10
  4299 | D:5      | Reached skill level 5 in Stealth
  4299 | D:5      | Reached skill level 6 in Unarmed Combat
  4913 | D:5      | Reached XP level 8. HP: 40/50 MP: 10/12
  4995 | D:5      | Noticed Eustachio
  5015 | D:5      | Slain by an iron imp

Illustrated notes

Levels and vault maps discovered:
D:1:      scummos_arrival_gate, layout_basic, hellmonk_ecumenical_altar_lost_god
D:2:      layout_loops_ring, uniq_natasha
D:3:      layout_loops_corners, grunt_temple_overflow_champion_of_chaos
D:4:      layout_basic, lemuel_round_altar, uniq_sigmund, uniq_grinder
D:5:      layout_gridville, kennysheep_potato, uniq_eustachio

Skill      XL: |  1  2  3  4  5  6  7 |
---------------+----------------------+-----
Stealth        | 1 2 4 5 |  5.3
Unarmed Combat | 4 5 6 |  6.4
Throwing       | 1 2 |  2.3
Transmutations | 3 |  3.2
Spellcasting   | 3 |  3.0
Fighting       | |  1.8
Dodging        | |  2.9

Action                   |  1- 3 |  4- 6 |  7- 9 || total
-------------------------+-------+-------+-------++-------
Melee: Unarmed           |    69 |    81 |    38 ||   188
       Constrict         |    12 |    20 |     9 ||    41
       Tentacles         |    12 |    21 |    11 ||    44
       Punch             |     5 |     2 |     2 ||     9
       Kick              |     1 |    12 |    14 ||    27
Throw: Dart              |       |    14 |    11 ||    25
 Cast: Beastly Appendage |     1 |     8 |     9 ||    18
  Use: Potion            |       |       |     2 ||     2
       Scroll            |       |       |     1 ||     1
 Stab: Sleeping          |     7 |     6 |       ||    13
Armor: Skin              |     2 |     2 |     3 ||     7
Dodge: Dodged            |    33 |    37 |    43 ||   113
